 Dungeon Crawl Stone Soup version 0.31-a0-182-gc5ef74bbde (webtiles) character file.

Game seed: 16493233764064507657

210 2FriedEggs the Charlatan (level 6, 37/37 HPs)
             Began as a Kobold Artificer on June 20, 2023.
             Was a Follower of Kikubaaqudgha.
             Quit the game on level 3 of the Dungeon.
             The game lasted 00:07:03 (2717 turns).

2FriedEggs the Charlatan (Kobold Artificer)         Turns: 2717, Time: 00:07:04

Health: 37/37      AC:  8    Str: 10    XL:     6   Next: 12%
Magic:  6/6        EV: 13    Int: 12    God:    Kikubaaqudgha [*.....]
Gold:   96         SH:  0    Dex: 23    Spells: 5/5 levels left

rFire   . . .        y - +2 dagger (venom)
rCold   . . .        (no shield)
rNeg    . . .        r - +0 ring mail
rPois   .            x - +0 helmet
rElec   .            t - +0 cloak
rCorr   .            w - +0 pair of gloves
SInv    .            (no boots)
Will    .....        (no amulet)
Stlth   +++          h - +6 ring of dexterity
HPRegen 0.26/turn    (no ring)
MPRegen 0.10/turn

%: no passive effects
@: no status effects
A: small, no large weapons, nightstalker 3
a: Renounce Religion, Unearth Wretches


You were on level 3 of the Dungeon.
You worshipped Kikubaaqudgha.
Kikubaaqudgha was aware of your devotion.
You visited 1 branch of the dungeon, and saw 3 of its levels.

You collected 96 gold pieces.

Inventory:

Hand Weapons
 a - a +0 club
 i - a +0 dagger
 o - a +0 whip of holy wrath
 y - a +2 dagger of venom (weapon)
Missiles
 A - 2 poisoned darts
Armour
 b - a +0 leather armour
 j - a +0 scale mail
 r - a +0 ring mail (worn)
 t - a +0 cloak (worn)
 w - a +0 pair of gloves (worn)
 x - a +0 helmet (worn)
Jewellery
 h - a +6 ring of dexterity (left hand)
Wands
 c - a wand of flame (11) (quivered)
 d - a wand of charming (15)
 e - a wand of iceblast (3)
Scrolls
 f - 3 scrolls of identify {unknown}
 k - a scroll of enchant armour {unknown}
 l - a scroll of teleportation {unknown}
 n - 3 scrolls of vulnerability {unknown}
 s - 3 scrolls of enchant weapon {unknown}
 u - a scroll of blinking {unknown}
 v - a scroll of fog {unknown}
Potions
 g - 2 potions of curing {unknown}
 m - 2 potions of invisibility {unknown}
 p - a potion of ambrosia {unknown}
 q - a potion of haste {unknown}
 z - 3 potions of attraction {unknown}
 B - 3 potions of heal wounds


   Skills:
 + Level 3.5 Fighting
 - Level 0.7 Armour
 - Level 2.4 Dodging
 - Level 1.3 Stealth
 * Level 6.6 Evocations


You had 5 spell levels left.
You didn't know any spells.
Your spell library contained the following spells:

 Spells                   Type           Power      Damage    Failure   Level
 Necrotise                Necr           0%         1d4       65%         1
 Cigotuvi's Dreadful Rot  Necr/Pois/Air  0%         N/A       78%         2
 Sublimation of Blood     Necr           0%         N/A       78%         2
 Vampiric Draining        Necr           0%         2d6       95%         3


Dungeon Overview and Level Annotations

Branches:
Dungeon (3/15)

Altars:
Kikubaaqudgha

Shops:
D:3 [

Annotations:
D:3 3 runed translucent doors, pokeman's ghost, weakling DEHW


Innate Abilities, Weirdness & Mutations

You are small and have problems with some larger weapons.
You are completely attuned to the shadows.


Message History

The adder is heavily wounded.
The adder bites you but does no damage. The endoplasm barely misses you.
You hit the adder.
The adder looks as sick as possible!
The adder is severely wounded.
You kill the adder!
The endoplasm closely misses you.
You hit the endoplasm.
The endoplasm is severely wounded.
The endoplasm freezes you.
You are frozen.
You hit the endoplasm.
You kill the endoplasm!
No target in view!
There is a faded altar of an unknown god here.
This altar belongs to (a) Kikubaaqudgha, (b) Nemelex Xobeh or (c) Zin, but you can't tell which.
Press the corresponding letter to learn more about a god, or press enter to convert or escape to cancel.
Kikubaaqudgha accepts your prayer! Kikubaaqudgha welcomes you!
You can now bring forth the wretched and dying.
Kikubaaqudgha grants you a gift!
You add the spells Necrotise, Cigotuvi's Dreadful Rot, Sublimation of Blood and Vampiric Draining to your library.
There is an ancient bone altar of Kikubaaqudgha here.
You see here a ball python corpse.
z - 3 smoky puce potions (gained 1)
You see here a ball python corpse.
You see here an adder corpse.
Found a stone staircase leading down.
There is a stone staircase leading down here.
Found Juedgh's Armour Shoppe.
A hobgoblin comes into view.
A hobgoblin is nearby!
Found 9 gold pieces.
A ball python comes into view.
The helpless hobgoblin fails to defend itself.
You puncture the hobgoblin!
You kill the hobgoblin!
Kikubaaqudgha accepts your kill.
No target in view!
No target in view!
There is an entrance to Juedgh's Armour Shoppe here.
Are you sure you want to abandon this character and quit the game? (Confirm with "yes".)

.......###.##.#
....<..##...#.##
#.........#........
#.........##.......
#.........##..##.##
##.........##..##...
#.......... #..#####
#.........# #..## #
#$.@......###...####
...........##........
##.........#.......##
#.......###...>#....#
......... ##..###.†##
.....###..## ##..#
.... #....###..†.
#.#...#...#.
####.....###


There were no monsters in sight!

Vanquished Creatures
  Terence (D:3)
  Natasha (thrice) (D:2)
  Robin (D:2)
  4 adders (D:3)
  A worm (D:3)
  2 dart slugs
  3 orcs (D:3)
  3 ball pythons
  3 endoplasms
  A giant cockroach (D:1)
  8 hobgoblins
  A quokka (D:2)
  4 bats
  3 frilled lizards
  9 goblins
  2 kobolds (D:1)
  7 rats
56 creatures vanquished.

Notes
Turn   | Place    | Note
-------+----------+-------------------------------------------
     0 | D:1      | 2FriedEggs the Kobold Artificer began the quest for the
                  | Orb.
     0 | D:1      | Reached XP level 1. HP: 12/12 MP: 1/1
   147 | D:1      | Reached skill level 4 in Evocations
   204 | D:1      | Reached XP level 2. HP: 14/16 MP: 2/2
   550 | D:1      | Reached XP level 3. HP: 20/21 MP: 3/3
  1464 | D:2      | Noticed Robin
  1495 | D:2      | Noticed Natasha
  1498 | D:2      | Killed Natasha
  1499 | D:2      | Reached skill level 5 in Evocations
  1499 | D:2      | Reached XP level 4. HP: 7/27 MP: 4/4
  1499 | D:2      | Killed Robin
  1508 | D:2      | Noticed Natasha
  1509 | D:2      | Killed Natasha
  1510 | D:2      | Reached XP level 5. HP: 12/32 MP: 5/5
  1551 | D:2      | Noticed Natasha
  1554 | D:2      | Killed Natasha
  1963 | D:3      | Reached skill level 6 in Evocations
  2191 | D:3      | Found a runed translucent gate.
  2191 | D:3      | Noticed a kobold brigand
  2193 | D:3      | Found a runed translucent gate.
  2453 | D:3      | Noticed pokeman's ghost (weakling DEHW)
  2454 | D:3      | Found a runed translucent gate.
  2576 | D:3      | Noticed Terence
  2599 | D:3      | Killed Terence
  2600 | D:3      | Reached XP level 6. HP: 23/37 MP: 6/6
  2662 | D:3      | Found a faded altar of an unknown god.
  2672 | D:3      | Prayed at the altar of an unknown god.
  2672 | D:3      | Became a worshipper of Kikubaaqudgha
  2672 | D:3      | Reached * piety under Kikubaaqudgha
  2672 | D:3      | Received a gift from Kikubaaqudgha
  2709 | D:3      | Found Juedgh's Armour Shoppe.
  2717 | D:3      | Quit the game

Illustrated notes

Levels and vault maps discovered:
D:1:      dpeg_arrival_more_subterranean_lakeside_camping, layout_rooms
D:2:      layout_loops_ring, uniq_natasha, uniq_robin
D:3:      layout_loops_corners, serial_shops, shop,
          nicolae_ecumenical_snake_handling, gammafunk_ghost_nasty_kobolds,
          uniq_terence

Skill      XL: |  1  2  3  4  5 |
---------------+----------------+-----
Evocations     | 4 5 6 |  6.6
Fighting       | 2 3 |  3.5
Armour         | |  0.7
Dodging        | |  2.4
Stealth        | |  1.3

Action                     |  1- 3 |  4- 6 || total
---------------------------+-------+-------++-------
  Melee: Club              |    44 |       ||    44
         Dagger            |    68 |    56 ||   124
  Evoke: Wand              |     1 |     5 ||     6
   Stab: Sleeping          |     6 |     2 ||     8
         Distracted        |     1 |       ||     1
 Armour: Leather armour    |    12 |       ||    12
         Scale mail        |     4 |       ||     4
         Ring mail         |    16 |    21 ||    37
  Dodge: Dodged            |    94 |    35 ||   129

Table legend: (Time is in decaauts)
 A = Elapsed time spent in this place.
 B = Non-inter-level travel time spent in this place.
 C = Inter-level travel time spent in this place.
 D = Time resting spent in this place.
 E = Time spent auto-exploring this place.
 F = Levels seen in this place.
 G = Mean time per level.
                   A        B        C        D        E       F      G
               +--------+--------+--------+--------+--------+-----+--------+
         Total |   2730 |   2634 |     96 |    113 |   1968 |   3 |  910.0 |
       Dungeon |   2730 |   2634 |     96 |    113 |   1968 |   3 |  910.0 |
               +--------+--------+--------+--------+--------+-----+--------+

Top non-repeatable levels by time:
     D:2: 975 daAuts
     D:1: 917 daAuts
     D:3: 837 daAuts
